 Dungeon Sprint DCSS version 0.27-a0-773-gaaee5cf45b (webtiles) character file.

Game seed: 17153309628457790200

5800000 sahdkjhfkaj the Axe Maniac (level 27, -14/228 HPs)
             Began as a Djinni Warper on Mar 25, 2021.
             Was the Champion of Makhleb.
             Demolished by a destroyer
             ... wielding a +9 vorpal great sword
              (144 damage)
             ... in the Dungeon (Sprint VIII: "Arena of Blood").
             The game lasted 00:01:36 (58 turns).

sahdkjhfkaj the Axe Maniac (Djinni Warper)            Turns: 58, Time: 00:01:37

Health: -14/228    AC: 12    Str: 10    XL:     27
Gold:   0          EV: 25    Int: 27    God:    Makhleb [******] SH:  0 Dex: 14

rFire    + + .     SeeInvis .   c - +∞ Axe of Woe
rCold    . . .     Faith    .   (shield currently unavailable)
rNeg     + + +     Spirit   .   b - +0 leather armour
rPois    ∞         Reflect  .   (no helmet)
rElec    .         Harm     .   (no cloak)
rCorr    .         Rampage  .   (no gloves)
Will     +++..     NoTele   +   (boots unavailable)
Stlth    +++++++++.             (no amulet)
HPRegen  0.48/turn              (no ring)
MPRegen  0.00/turn              (no ring)

@: lich-form, flying
A: draining attack, torment immunity, flying, no potions, fire resistance 2,
cold vulnerability 1, float, innate caster, hp casting, extra vitality 1
a: End Transformation, Renounce Religion, Minor Destruction, Lesser Servant of
Makhleb, Major Destruction, Greater Servant of Makhleb


You were in the Dungeon.
You worshipped Makhleb.
Makhleb was exalted by your worship.
You were an undead lich.
You visited 1 branch

Inventory:

Hand Weapons
 a - a +0 hand axe
 c - the +∞ Axe of Woe (weapon)
   (You found it in the Dungeon)
Missiles
 e - 5 boomerangs of dispersal (quivered)
Armour
 b - a +0 leather armour (worn)
Jewellery
 j - a +30 ring of slaying
 k - a +30 ring of slaying
Scrolls
 d - 2 scrolls of blinking
Potions
 f - a potion of curing
 g - a potion of heal wounds
 h - a potion of haste
 i - a potion of berserk rage


   Skills:
 O Level 27 Fighting
 O Level 27 Short Blades
 O Level 27 Long Blades
 O Level 27 Axes
 O Level 27 Maces & Flails
 O Level 27 Polearms
 O Level 27 Staves
 O Level 27 Slings
 O Level 27 Bows
 O Level 27 Crossbows
 O Level 27 Throwing
 O Level 27 Armour
 O Level 27 Dodging
 O Level 27 Stealth
 O Level 27 Shields
 O Level 27 Unarmed Combat
 O Level 27 Spellcasting
 O Level 27 Invocations
 O Level 27 Evocations


You couldn't memorise any spells.
You knew the following spells:

 Your Spells              Type           Power      Damage    Failure   Level
a - Necromutation         Tmut/Necr      67%        N/A       1%          8
b - Lesser Beckoning      Tloc           55%        N/A       0%          3
c - Gell's Gravitas       Tloc           55%        N/A       0%          3
d - Teleport Other        Tloc           100%       N/A       0%          3
e - Manifold Assault      Tloc           100%       N/A       0%          5
f - Pain                  Necr           100%       1d9       0%          1
g - Call Imp              Summ           100%       N/A       0%          2
h - Swiftness             Air            100%       N/A       0%          2
i - Animate Armour        Summ/Erth      100%       N/A       0%          4
j - Summon Forest         Summ/Tloc      55%        N/A       0%          5
k - Blade Hands           Tmut           55%        N/A       0%          5
l - Statue Form           Tmut/Erth      73%        N/A       0%          6
m - Hydra Form            Tmut           55%        N/A       0%          6
n - Conjure Ball Lightni  Conj/Air       55%        3x3d20    0%          6
o - Blink                 Tloc           N/A        N/A       0%          2
p - Spellforged Servitor  Conj/Summ      55%        N/A       0%          7
q - Lehudib's Crystal Sp  Conj/Erth      55%        10d13     1%          8
r - Fire Storm            Conj/Fire      55%        8d14      1%          9
Your spell library was empty.

Dungeon Overview and Level Annotations

Branches:
Dungeon (1/1)

Altars:
Makhleb


Innate Abilities, Weirdness & Mutations

You are an undead lich.
Your unarmed attacks are suffused with negative energy.
You are immune to unholy pain and torment.
Your necromantic spells are more powerful.
You are flying.
You cannot drink.
You are immune to poison.
Your flesh is very heat resistant. (rF++)
You are vulnerable to cold. (rC-)
You float through the air rather than walking.
You learn spells naturally, not from books.
Your magical power is your life essence.
You have superior vitality. (+4 HP)


Message History

Makhleb accepts your kill.
You feel better.
You slash the bag of meat!
You slaughter the bag of meat joyfully.
You kill the bag of meat!
Makhleb accepts your kill.
You feel better.
You slice the destroyer!!
You fatally mangle the destroyer.
You destroy the destroyer!
Makhleb accepts your kill.
The meat beast appears out of thin air!
A meat beast comes into view.
The Captor appears out of thin air!
Sigmund the Dreaded comes into view.
He is wielding a +9 vorpal triple sword.
The meat beast shouts!
You hear a shout! x4
The tyrant casts a spell.
The tyrant seems to speed up.
You hear a shout! x5
The Captor shouts!
You hit The Captor.
You hew The Captor savagely.
You kill The Captor!
Makhleb accepts your kill.
You slice the bag of meat!!
You fatally mangle the bag of meat.
You kill the bag of meat!
Makhleb accepts your kill.
You hear a shout! x2
The large abomination is engulfed in blazing flames.
The accursed casts a spell at you. Something smites you!
You hear a shout! x2
The destroyer blinks!
The tyrant waves its bony arms in wide circles.
The air twists around and strikes you!!!
You hear a shout! x4
The large abomination is engulfed in blazing flames.
You hear a shout! x2
The tyrant waves its bony arms in wide circles.
The air twists around and strikes you!!
The bag of meat is engulfed in blazing flames.
The destroyer hits you with a +9 vorpal great sword!!!!!
Ouch! That really hurt!
You die...

.....##. #.# .......
.. .
####.....##.##..
.§......§.......
#..........#.#..
#..)............
#..§.§V.o......
..#X.)XXL....)).
.)..)§o)).......
)).).Lo§))......
.M....#))))..)#.
#.....#.).).2.# ..
....###...).).###..)
..)..)..)###...§....
.#........_.)))..)).
....§.○#)..)X#......


You could see an accursed, a meat beast (fast), a tyrant (fast), a destroyer, 3
large abominations and 3 bags of meat.

Vanquished Creatures
  Sigmund (D)
  2 royal mummies (D)
  9 vampire knights (D)
  21 ogres (D)
  2 liches (D)
  5 two-headed ogres (D)
  42 orcs (D)
  9 skeletal warriors (D)
91 creatures vanquished.

Notes
Turn   | Place    | Note
-------+----------+-------------------------------------------
     0 | D        | Found the +∞ Axe of Woe
     0 | D        | sahdkjhfkaj the Djinni Warper began the quest for the Orb.
     0 | D        | Reached XP level 1. HP: 18/18 MP: 0/0
     1 | D        | Noticed a bag of meat
     2 | D        | Noticed a bag of meat
     3 | D        | Became a worshipper of Makhleb the Destroyer
     3 | D        | Noticed a meat berserker
     4 | D        | Noticed a meat berserker
     4 | D        | Noticed a bag of meat
     5 | D        | Killed a meat berserker
     5 | D        | Noticed a bag of meat
     5 | D        | Noticed a bag of meat
     5 | D        | Noticed a bag of meat
     6 | D        | Reached XP level 2. HP: 23/23 MP: 0/0
     6 | D        | Reached XP level 3. HP: 28/28 MP: 0/0
     6 | D        | Learned a level 1 spell: Pain
     6 | D        | Reached XP level 4. HP: 33/33 MP: 0/0
     6 | D        | Reached XP level 5. HP: 38/38 MP: 0/0
     6 | D        | Learned a level 2 spell: Call Imp
     6 | D        | Reached XP level 6. HP: 43/43 MP: 0/0
     6 | D        | Reached XP level 7. HP: 49/49 MP: 0/0
     6 | D        | Learned a level 2 spell: Swiftness
     6 | D        | Reached XP level 8. HP: 54/54 MP: 0/0
     6 | D        | Reached XP level 9. HP: 58/58 MP: 0/0
     6 | D        | Learned a level 4 spell: Animate Armour
     6 | D        | Reached XP level 10. HP: 64/64 MP: 0/0
     6 | D        | Reached XP level 11. HP: 68/68 MP: 0/0
     6 | D        | Learned a level 5 spell: Summon Forest
     6 | D        | Reached XP level 12. HP: 74/74 MP: 0/0
     6 | D        | Reached XP level 13. HP: 78/78 MP: 0/0
     6 | D        | Learned a level 5 spell: Blade Hands
     6 | D        | Noticed a bag of meat
     6 | D        | Noticed a meat berserker
     8 | D        | Killed a meat berserker
     8 | D        | Reached * piety under Makhleb
     8 | D        | Killed a bag of meat
     8 | D        | Noticed a bag of meat
     9 | D        | Reached skill level 27 in Axes
     9 | D        | Reached skill level 5 in Fighting
     9 | D        | Reached skill level 5 in Short Blades
     9 | D        | Reached skill level 5 in Long Blades
     9 | D        | Reached skill level 5 in Staves
     9 | D        | Reached skill level 5 in Armour
     9 | D        | Reached skill level 5 in Stealth
     9 | D        | Reached skill level 5 in Shields
     9 | D        | Reached skill level 5 in Unarmed Combat
     9 | D        | Reached skill level 5 in Spellcasting
     9 | D        | Reached skill level 5 in Invocations
     9 | D        | Reached skill level 5 in Evocations
     9 | D        | Reached XP level 14. HP: 93/93 MP: 0/0
     9 | D        | Reached XP level 15. HP: 98/98 MP: 0/0
     9 | D        | Learned a level 6 spell: Statue Form
     9 | D        | Reached ** piety under Makhleb
    10 | D        | Reached XP level 16. HP: 98/103 MP: 0/0
    10 | D        | Reached *** piety under Makhleb
    11 | D        | Reached XP level 17. HP: 109/109 MP: 0/0
    11 | D        | Learned a level 6 spell: Hydra Form
    11 | D        | Killed a meat berserker
    11 | D        | Noticed a meat berserker
    12 | D        | Reached skill level 27 in Spellcasting
    13 | D        | Noticed a meat berserker
    14 | D        | Killed a meat berserker
    14 | D        | Killed a meat berserker
    14 | D        | Reached **** piety under Makhleb
    15 | D        | Reached skill level 27 in Fighting
    15 | D        | Reached XP level 18. HP: 167/167 MP: 0/0
    16 | D        | Reached skill level 10 in Armour
    16 | D        | Reached XP level 19. HP: 174/174 MP: 0/0
    16 | D        | Learned a level 6 spell: Conjure Ball Lightning
    16 | D        | Noticed a meat berserker
    17 | D        | Killed a meat berserker
    17 | D        | Reached ***** piety under Makhleb
    18 | D        | Reached skill level 27 in Dodging
    18 | D        | Reached XP level 20. HP: 181/181 MP: 0/0
    18 | D        | Noticed a meat berserker
    19 | D        | Reached skill level 27 in Armour
    19 | D        | Reached XP level 21. HP: 187/187 MP: 0/0
    19 | D        | Learned a level 8 spell: Necromutation
    19 | D        | Noticed a meat berserker
    20 | D        | Reached ****** piety under Makhleb
    20 | D        | Killed a meat berserker
    21 | D        | Reached XP level 22. HP: 194/194 MP: 0/0
    21 | D        | Noticed a large bag of meat
    21 | D        | Killed a large bag of meat
    22 | D        | Reached skill level 27 in Slings
    22 | D        | Reached skill level 27 in Unarmed Combat
    24 | D        | Noticed a destroyer
    25 | D        | Killed a destroyer
    26 | D        | Reached XP level 23. HP: 201/201 MP: 0/0
    26 | D        | Learned a level 7 spell: Spellforged Servitor
    29 | D        | Noticed a destroyer
    30 | D        | Reached XP level 24. HP: 208/208 MP: 0/0
    30 | D        | Noticed a large bag of meat
    30 | D        | Noticed a destroyer
    30 | D        | Noticed a large bag of meat
    32 | D        | Reached skill level 15 in Shields
    32 | D        | Reached skill level 15 in Invocations
    32 | D        | Reached skill level 15 in Evocations
    33 | D        | Reached skill level 15 in Maces & Flails
    33 | D        | Reached skill level 15 in Polearms
    33 | D        | Reached skill level 15 in Bows
    33 | D        | Reached skill level 15 in Crossbows
    33 | D        | Reached skill level 15 in Throwing
    33 | D        | Reached XP level 25. HP: 214/214 MP: 0/0
    33 | D        | Learned a level 8 spell: Lehudib's Crystal Spear
    33 | D        | Killed a large bag of meat
    33 | D        | Killed a destroyer
    34 | D        | Reached XP level 26. HP: 221/221 MP: 0/0
    35 | D        | Killed a destroyer
    35 | D        | Noticed a destroyer
    36 | D        | Reached XP level 27. HP: 228/228 MP: 0/0
    36 | D        | Learned a level 9 spell: Fire Storm
    37 | D        | Killed a destroyer
    37 | D        | Killed a large bag of meat
    43 | D        | Noticed a large bag of meat
    44 | D        | Noticed a destroyer
    44 | D        | Killed a destroyer
    44 | D        | Noticed a destroyer
    45 | D        | Reached skill level 27 in Shields
    45 | D        | Reached skill level 27 in Invocations
    45 | D        | Reached skill level 27 in Evocations
    45 | D        | Killed a destroyer
    46 | D        | Reached skill level 27 in Short Blades
    46 | D        | Reached skill level 27 in Long Blades
    46 | D        | Reached skill level 27 in Staves
    46 | D        | Reached skill level 27 in Stealth
    46 | D        | Noticed a large bag of meat
    47 | D        | Noticed a tyrant
    47 | D        | Noticed a destroyer
    48 | D        | Noticed a tyrant
    49 | D        | Killed a destroyer
    49 | D        | Noticed an accursed
    49 | D        | Noticed a tyrant
    50 | D        | Reached skill level 27 in Maces & Flails
    50 | D        | Reached skill level 27 in Polearms
    50 | D        | Reached skill level 27 in Bows
    50 | D        | Reached skill level 27 in Crossbows
    50 | D        | Reached skill level 27 in Throwing
    50 | D        | Noticed an accursed
    50 | D        | Killed an accursed
    50 | D        | Killed a large bag of meat
    50 | D        | Noticed an accursed
    51 | D        | Noticed a destroyer
    52 | D        | Killed a large bag of meat
    52 | D        | Noticed a destroyer
    53 | D        | Killed a tyrant
    54 | D        | Noticed a destroyer
    54 | D        | Killed a destroyer
    55 | D        | Noticed a tyrant
    55 | D        | Killed an accursed
    55 | D        | Killed a tyrant
    56 | D        | Killed a destroyer
    56 | D        | Noticed a meat beast
    57 | D        | Noticed The Captor
    57 | D        | Killed The Captor
    58 | D        | Demolished by a destroyer

Illustrated notes

Levels and vault maps discovered:
D:        meatsprint

Skill      XL: |  1  2  3  4  5  6  7  8  9 10 11 12 13 14 15 16 17 18 19 20 21 22 23 24 25 26 27 |
---------------+----------------------------------------------------------------------------------+-----
Axes           | 25 27 | 27.0
Fighting       | 5 27 | 27.0
Short Blades   | 5 12 13 16 18 21 27 | 27.0
Long Blades    | 5 12 13 16 18 21 27 | 27.0
Maces & Flails | 4 11 12 15 17 20 27 | 27.0
Polearms       | 4 11 12 15 17 20 27 | 27.0
Staves         | 5 12 13 16 18 21 27 | 27.0
Slings         | 4 23 27 | 27.0
Bows           | 4 11 12 15 17 19 27 | 27.0
Crossbows      | 4 11 12 15 17 20 27 | 27.0
Throwing       | 4 11 12 15 17 20 27 | 27.0
Armour         | 5 6 10 26 27 | 27.0
Dodging        | 6 9 24 27 | 27.0
Stealth        | 5 12 13 16 18 21 27 | 27.0
Shields        | 5 13 14 17 19 23 27 | 27.0
Unarmed Combat | 5 26 27 | 27.0
Spellcasting   | 5 17 24 27 | 27.0
Invocations    | 5 13 14 17 19 22 27 | 27.0
Evocations     | 5 13 14 17 19 22 27 | 27.0

Action                   |  1- 3 |  4- 6 |  7- 9 | 10-12 | 13-15 | 16-18 | 19-21 | 22-24 | 25-27 || total
-------------------------+-------+-------+-------+-------+-------+-------+-------+-------+-------++-------
Melee: Executioner's axe |     1 |       |       |       |     3 |     9 |    12 |    12 |    47 ||    84
 Cast: Manifold Assault  |       |       |       |       |     1 |     4 |     3 |     4 |    11 ||    23
       Statue Form       |       |       |       |       |       |     1 |       |       |       ||     1
       Necromutation     |       |       |       |       |       |       |     1 |       |       ||     1

Table legend: (Time is in decaauts)
 A = Elapsed time spent in this place.
 B = Non-inter-level travel time spent in this place.
 C = Inter-level travel time spent in this place.
 D = Time resting spent in this place.
 E = Time spent auto-exploring this place.
 F = Levels seen in this place.
 G = Mean time per level.
                   A        B        C        D        E       F      G
               +--------+--------+--------+--------+--------+-----+--------+
         Total |     51 |     51 |      0 |      0 |      0 |   1 |   51.0 |
       Dungeon |     51 |     51 |      0 |      0 |      0 |   1 |   51.0 |
               +--------+--------+--------+--------+--------+-----+--------+

Top non-repeatable levels by time:
       D: 51 daAuts
